 Dungeon Crawl Stone Soup version 0.27-a0-1325-g58a489ad9e (webtiles) character file.

Game seed: 438358040972350646

35 Rocko1345 the Stinger (level 3, -8/28 HPs)
             Began as a Naga Venom Mage on June 24, 2021.
             Was an Initiate of Ashenzari.
             Mangled by Terence (9 damage)
             ... on level 2 of the Dungeon.
             The game lasted 00:12:29 (2014 turns).

Rocko1345 the Stinger (Naga Venom Mage)             Turns: 2014, Time: 00:12:29

Health: -8/28      AC:  2    Str: 10    XL:     3   Next: 33%
Magic:  5/6        EV: 10    Int: 16    God:    Ashenzari [......]
Gold:   49         SH:  0    Dex: 11    Spells: 0/6 levels left

rFire    . . .     SeeInvis +   b - +0 short sword
rCold    . . .     Faith    .   (no shield)
rNeg     . . .     Spirit   .   a - +0 robe
rPois    +         Reflect  .   (no helmet)
rElec    .         Harm     .   (no cloak)
rCorr    .         Rampage  .   (no gloves)
Will     .....                  (no barding)
Stlth    ++........             (no amulet)
HPRegen  0.09/turn              (no ring)
MPRegen  0.10/turn              (no ring)

@: very slow
A: AC +1, large, see invisible, deformed body, poison resistance, slowness 2,
spit poison 1, naga tail 1
a: Spit Poison, Renounce Religion, Curse Item


You were on level 2 of the Dungeon.
You worshipped Ashenzari.
Ashenzari was noncommittal.
You visited 1 branch of the dungeon, and saw 2 of its levels.

You collected 49 gold pieces.

Inventory:

Hand Weapons
 b - a +0 short sword (weapon)
Missiles
 c - 2 datura-tipped darts
Armour
 a - a +0 robe (worn)
Wands
 e - a wand of flame (13)
Scrolls
 d - a scroll of teleportation


   Skills:
 + Level 1.7 Dodging
 * Level 3.1 Stealth
 * Level 2.3 Spellcasting
 + Level 1.3 Transmutations
 + Level 0.6 Air Magic
 * Level 4.9 Poison Magic


You couldn't memorise any spells.
You knew the following spells:

 Your Spells              Type           Power      Damage    Failure   Level
a - Sting                 Tmut/Pois      44%        1d5       5%          1
b - Poisonous Vapours     Pois/Air       20%        N/A       10%         2
c - Ignite Poison         Fire/Tmut/Pois 8%         N/A       26%         3

Your spell library contained the following spells:

 Spells                   Type           Power      Damage    Failure   Level
 Olgreb's Toxic Radiance  Pois           17%        N/A       26%         4
 Mephitic Cloud           Conj/Pois/Air  7%         N/A       28%         3


Dungeon Overview and Level Annotations

Branches:
Dungeon (2/15)

Altars:
Ashenzari

Annotations:
D:2 Terence


Innate Abilities, Weirdness & Mutations

Your serpentine skin is tough. (AC +1)
You have supernaturally acute eyesight. (SInv)
Armour fits poorly on your strangely shaped body.
Your system is resistant to poisons. (rPois)
You cover ground very slowly.
You can spit poison.
You have a snake-like lower body.


Message History

Casting: Poisonous Vapours (safe; 10% risk of failure)
Confirm with . or Enter, or press ? or * to list all spells.
Aiming: Sting (safe; 5% risk of failure)
Press: ? - help, Shift-Dir - straight line, f/p - Terence
Aim: Terence, wielding a +0 hand axe and wearing a +0 scale mail (lightly wounded, very poisoned, 75% to hit)
The sting hits Terence but does no damage.
Terence looks even sicker.
Terence is lightly wounded.
Terence hits you with a +0 hand axe! Terence misses you.
Terence drinks a potion.
Terence is healed!
Terence looks more healthy.
Terence closely misses you. Terence barely misses you.
Terence hits you with a +0 hand axe. Terence closely misses you.
Terence hits you with a +0 hand axe. Terence barely misses you.
Terence hits you but does no damage.
A rat comes into view.
Terence hits you with a +0 hand axe. Terence barely misses you.
Found 3 scrolls of identify.
Terence closely misses you.
Terence shouts, "Get ready for death!"
The rat twitches its whiskers.
You see here 12 stones.
The rat completely misses you. Terence hits you with a +0 hand axe.
* * * LOW HITPOINT WARNING * * *
The rat barely misses you.
Casting: Sting (safe; 5% risk of failure)
Confirm with . or Enter, or press ? or * to list all spells.
You can't see any susceptible monsters within range! (Use Z to cast anyway.) Terence hits you with a +0 hand axe.
* * * LOW HITPOINT WARNING * * *
Okay, then.
You aren't carrying any potions.
You aren't carrying any potions.
The rat barely misses you. Terence closely misses you.
The rat closely misses you. The rat bites you but does no damage.
Terence hits you with a +0 hand axe!
You die...

#######.$<....#
#.......#.....#
###.####..#######
....# #..# #####
#..########
###..##.....#
#....##?....#
#.#.###.....#
#.#........@# #.#
#.#.##....r@#
#.#.#.#.....(...#
#.#.....#########
#.#.#.........#
#.# #########.#
#.# #.......#.#
#.# #.###.###.#
##.###.# #.....#


You could see Terence and a rat.

Vanquished Creatures
  A worm (D:2)
  2 dart slugs (D:1)
  A bat (D:1)
  2 endoplasms
  A giant cockroach (D:1)
  3 goblins (D:1)
  3 hobgoblins (D:1)
  2 jackals (D:1)
  2 quokkas (D:1)
  A ball python (D:1)
  A frilled lizard (D:1)
  3 kobolds (D:1)
  3 rats (D:1)
25 creatures vanquished.

Notes
Turn   | Place    | Note
-------+----------+-------------------------------------------
     0 | D:1      | Rocko1345 the Naga Venom Mage began the quest for the Orb.
     0 | D:1      | Reached XP level 1. HP: 15/15 MP: 3/3
   173 | D:1      | Reached XP level 2. HP: 10/22 MP: 0/5
   340 | D:1      | Learned a level 2 spell: Poisonous Vapours
   847 | D:1      | Reached XP level 3. HP: 9/28 MP: 2/6
  1065 | D:1      | Learned a level 3 spell: Ignite Poison
  1283 | D:1      | Noticed a floating eye
  1284 | D:1      | Found a faded altar of an unknown god.
  1287 | D:1      | Noticed a great orb of eyes
  1287 | D:1      | Noticed a shining eye
  1287 | D:1      | Noticed an eye of devastation
  1792 | D:1      | Became a worshipper of Ashenzari the Shackled
  1857 | D:2      | Noticed Terence
  2012 | D:2      | HP: 1/28 [Terence (4)]
  2014 | D:2      | Mangled by Terence

Illustrated notes

Levels and vault maps discovered:
D:1:      sevenhm_arrival_forest_fort_large_4, layout_rooms,
          hellmonk_ecumenical_altar_watching_god, minmay_misc_feat_four_crosses,
          st_stairs_2, kennysheep_small_spiral
D:2:      layout_basic, uniq_terence

Action                   || total
-------------------------++-------
Melee: Short sword       ||    16
 Cast: Sting             ||    13
       Poisonous Vapours ||    28
       Ignite Poison     ||     1
 Stab: Sleeping          ||     1
Armor: Robe              ||     6
Dodge: Dodged            ||    32

Table legend: (Time is in decaauts)
 A = Elapsed time spent in this place.
 B = Non-inter-level travel time spent in this place.
 C = Inter-level travel time spent in this place.
 D = Time resting spent in this place.
 E = Time spent auto-exploring this place.
 F = Levels seen in this place.
 G = Mean time per level.
                   A        B        C        D        E       F      G
               +--------+--------+--------+--------+--------+-----+--------+
         Total |   2420 |   2388 |     32 |    883 |    794 |   2 | 1210.0 |
       Dungeon |   2420 |   2388 |     32 |    883 |    794 |   2 | 1210.0 |
               +--------+--------+--------+--------+--------+-----+--------+

Top non-repeatable levels by time:
     D:1: 2196 daAuts
     D:2: 224 daAuts
